 Dungeon Crawl Stone Soup version 0.30.1 (webtiles) character file.

Game seed: 593234844306881129

402 Gorgoleon the Conjurer (level 6, -9/35 HPs)
             Began as a Deep Elf Conjurer on July 14, 2023.
             Was an Initiate of Vehumet.
             Mangled by Pikel
             ... wielding a +2 whip of freezing
              (12 damage)
             ... on level 4 of the Dungeon.
             The game lasted 00:22:14 (4051 turns).

Gorgoleon the Conjurer (Deep Elf Conjurer)          Turns: 4051, Time: 00:22:16

Health: -9/35      AC:  3    Str:  6    XL:     6   Next: 55%
Magic:  1/15       EV: 12    Int: 23    God:    Vehumet [......]
Gold:   225        SH:  0    Dex: 13    Spells: 1/15 levels left

rFire   . . .        n - +5 whip
rCold   . . .        (no shield)
rNeg    . . .        a - +0 robe
rPois   .            (no helmet)
rElec   .            (no cloak)
rCorr   .            (no gloves)
SInv    .            c - +0 pair of boots
Will    +....        (no amulet)
Stlth   ++           m - ring of willpower
HPRegen 0.25/turn    (no ring)
MPRegen 0.14/turn

%: no passive effects
@: no status effects
A: no striking features
a: Renounce Religion


You were on level 4 of the Dungeon.
You worshipped Vehumet.
Vehumet was noncommittal.
You visited 1 branch of the dungeon, and saw 4 of its levels.

You collected 225 gold pieces.

Inventory:

Hand Weapons
 n - a +5 whip (weapon)
Armour
 a - a +0 robe (worn)
 c - a +0 pair of boots (worn)
Jewellery
 d - a ring of fire
 m - a ring of willpower (left hand)
Wands
 b - a wand of iceblast (11)
Scrolls
 g - 2 scrolls of immolation
 l - a scroll of teleportation
Potions
 e - a potion of flight
 f - 5 potions of curing
 i - 2 potions of might
 j - a potion of haste
 k - 2 potions of degeneration {unknown}


   Skills:
 - Level 2.0 Fighting
 - Level 3.0 Dodging
 - Level 3.0 Stealth
 + Level 5.0 Spellcasting
 + Level 7.1 Conjurations


You had one spell level left.
You knew the following spells:

 Your Spells              Type           Power      Damage    Failure   Level
a - Magic Dart            Conj           100%       1d8       1%          1
b - Searing Ray           Conj           76%        2d7       1%          2
c - Dazzling Flash        Conj/Hex       44%        N/A       7%          3
d - Fulminant Prism       Conj/Hex       11%        3d8       22%         4
e - Iskenderun's Mystic   Conj/Tloc      22%        2d6       22%         4

Your spell library contained the following spells:

 Spells                   Type           Power      Damage    Failure   Level
 Apportation              Tloc           10%        N/A       10%         1
 Necrotise                Necr           20%        1d5       10%         1
 Summon Small Mammal      Summ           20%        N/A       10%         1


Dungeon Overview and Level Annotations

Branches:
Dungeon (4/15)
 Temple: D:4-7

Altars:
Nemelex Xobeh
Vehumet

Annotations:
D:4 Pikel


Message History

Pikel is heavily wounded.
Pikel barely misses you.
The searing ray hits Pikel.
Pikel is severely wounded.
Pikel hits you with a +2 whip of freezing!
Pikel freezes you.
The searing ray hits Pikel.
Pikel is severely wounded.
You finish channelling your searing ray.
Pikel waves his whip at you.
Pikel hits you with a +2 whip of freezing!
Pikel freezes you.
Casting: Searing Ray (safe; 1% risk of failure)
Confirm with . or Enter, or press ? or * to list all spells.
Aiming: Searing Ray (safe; 1% risk of failure)
Press: ? - help, Shift-Dir - straight line, f/p - Pikel
Aim: Pikel, wielding a +2 whip of freezing and wearing a +0 robe (severely wounded, 76% to hit)
The searing ray hits Pikel but does no damage.
Pikel is severely wounded. (Press . to maintain the ray.)
The lemure shouts!
Pikel hits you with a +2 whip of freezing!
* * * LOW HITPOINT WARNING * * *
Pikel freezes you.
* * * LOW HITPOINT WARNING * * *
The searing ray hits Pikel.
Pikel is almost dead.
The searing ray hits the lemure.
The lemure is lightly wounded.
The searing ray hits the lemure.
The lemure is moderately wounded.
Pikel barely misses you.
The searing ray hits Pikel.
Pikel is almost dead.
The searing ray hits the lemure but does no damage.
The lemure is moderately wounded.
The searing ray hits the lemure.
The lemure is moderately wounded.
Pikel hits you with a +2 whip of freezing!
You die...

#.#...#.#...#.# ###...#
#########.#.###^###.#.# ##.....##
.......##.............###.......#
........#######.#######.).......#
........# #.................##
........# ##.................#
......... #.......##########.#
......... ##..55.### ###
......... #.5.K@## .........
#..)S### .........#....#
............## ...........
.......... ......... .....##.#
###### #


You could see Pikel, 3 lemures and a ball python.

Vanquished Creatures
  Pargi (D:3)
  An ice beast (D:4)
  An ogre (D:3)
  A lemure (D:4)
  A jelly (D:4)
  11 dart slugs
  4 orcs (D:3)
  5 endoplasms
  14 goblins
  9 hobgoblins
  8 kobolds
  3 quokkas
  7 ball pythons
  3 bats
  5 frilled lizards
  5 rats
79 creatures vanquished.

Notes
Turn   | Place    | Note
-------+----------+-------------------------------------------
     0 | D:1      | Gorgoleon the Deep Elf Conjurer began the quest for the
                  | Orb.
     0 | D:1      | Reached XP level 1. HP: 10/10 MP: 6/6
   204 | D:1      | Reached XP level 2. HP: 15/15 MP: 4/8
   314 | D:1      | Reached skill level 5 in Conjurations
   923 | D:2      | Learned a level 2 spell: Searing Ray
   976 | D:2      | Reached XP level 3. HP: 19/19 MP: 9/9
  2178 | D:3      | Noticed Pargi
  2195 | D:3      | Killed Pargi
  2196 | D:3      | Reached skill level 1 in Fighting
  2196 | D:3      | Reached skill level 6 in Conjurations
  2196 | D:3      | Reached XP level 4. HP: 11/25 MP: 1/12
  2196 | D:3      | Reached XP level 5. HP: 13/29 MP: 1/13
  2548 | D:3      | Noticed an ogre
  2572 | D:3      | Killed an ogre
  2809 | D:4      | Found a sparkling altar of Nemelex Xobeh.
  2809 | D:4      | Found a radiant altar of Vehumet.
  2819 | D:4      | Became a worshipper of Vehumet
  2832 | D:4      | Noticed Pikel
  2832 | D:4      | Noticed a lemure
  2967 | D:4      | Noticed an ice beast
  2987 | D:4      | Killed an ice beast
  2988 | D:4      | Reached skill level 5 in Spellcasting
  2988 | D:4      | Reached XP level 6. HP: 14/35 MP: 4/15
  3076 | D:4      | Learned a level 3 spell: Dazzling Flash
  3472 | D:4      | Reached skill level 7 in Conjurations
  3477 | D:4      | Learned a level 4 spell: Fulminant Prism
  3482 | D:4      | Learned a level 4 spell: Iskenderun's Mystic Blast
  4051 | D:4      | Mangled by Pikel

Illustrated notes

Levels and vault maps discovered:
D:1:      dpeg_arrival_line_fractal, layout_basic, nicolae_titane
D:2:      layout_basic, roderic_lattice_a
D:3:      layout_loops_cross, minmay_ogre_servants, uniq_pargi
D:4:      kennysheep_slugbush, layout_cave_pods,
          mainiacjoe_overflow_large_starburst, dk_rats_in_the_wall, uniq_pikel

Skill      XL: |  1  2  3  4  5  6 |
---------------+-------------------+-----
Conjurations   | 5 6 7 |  7.1
Stealth        | 3 |  3.0
Fighting       | 1 2 |  2.0
Dodging        | 3 |  3.0
Spellcasting   | 4 5 |  5.0

Action                     |  1- 3 |  4- 6 || total
---------------------------+-------+-------++-------
  Melee: Short sword       |    54 |       ||    54
         Punch             |     1 |       ||     1
         Whip              |    14 |    31 ||    45
   Cast: Magic Dart        |    43 |    45 ||    88
         Searing Ray       |     3 |    10 ||    13
    Use: Scroll            |     7 |     4 ||    11
         Potion            |     3 |       ||     3
   Stab: Sleeping          |     7 |     4 ||    11
 Armour: Robe              |    17 |    12 ||    29
  Dodge: Dodged            |    51 |    32 ||    83
